 Dungeon Crawl Stone Soup version 0.16.1-7-g2c6721e (webtiles) character file.

303 sugabear the Shield-Bearer (level 6, -2/38 HPs)
             Began as a Gargoyle Fighter on Mar 29, 2015.
             Killed from afar by an orc wizard (7 damage)
             ... with a magic dart
             ... on level 4 of the Dungeon.
             The game lasted 00:04:00 (2081 turns).

sugabear the Shield-Bearer (Gargoyle Fighter)       Turns: 2081, Time: 00:04:00

Health: -2/38      AC: 11    Str: 26    XL:     6   Next: 38%
Magic:  6/6        EV:  8    Int:  9    God:
Gold:   186        SH: 10    Dex:  9    Spells: 0 memorised, 5 levels left

rFire  . . .     SeeInvis .     a - +0 war axe
rCold  . . .     Clarity  .     b - +0 scale mail
rNeg   + . .     SustAb   .     c - +0 shield
rPois  ∞         Gourm    .     (no helmet)
rElec  +         Spirit   .     (no cloak)
rCorr  .         Warding  .     (no gloves)
rMut   .         Stasis   .     (no boots)
MR     .....                    (no amulet)
Stlth  ..........               (no ring)
                                (no ring)

@: mighty, slowed, very slow, not resistant to hostile enchantments, extremely
unstealthy
A: negative energy resistance 1, electricity resistance, unbreathing,
petrification resistance, rot immunity, AC +4
a: no special abilities


You were on level 4 of the Dungeon.
You were not hungry.

You visited 1 branch of the dungeon, and saw 4 of its levels.

You collected 186 gold pieces.

Inventory:

Hand weapons
 a - a +0 war axe (weapon)
Armour
 b - a +0 scale mail (worn)
 c - a +0 shield (worn)
 n - a +2 pair of gloves
Magical devices
 q - a wand of polymorph (8)
Scrolls
 j - 3 scrolls of identify {unknown}
 k - 3 scrolls of remove curse {unknown}
 l - 3 scrolls of fear {unknown}
 p - a scroll of amnesia {unknown}
 s - a scroll of immolation {unknown}
Potions
 f - a potion of beneficial mutation {unknown}
 g - a potion of cancellation {unknown}
 h - 3 potions of curing {unknown}
 i - a potion of mutation {unknown}
 m - a potion of brilliance {unknown}
 o - 2 potions of heal wounds {unknown}
Comestibles
 d - 3 bread rations
 r - 5 chunks of flesh


   Skills:
 + Level 4.2 Fighting
 + Level 3.3 Axes
 + Level 4.3 Armour
 + Level 1.8 Dodging
 + Level 0.5 Stealth
 + Level 4.4 Shields


You had 5 spell levels left.
You didn't know any spells.

Dungeon Overview and Level Annotations

Branches:
Dungeon (4/15)
 Temple: D:4-7

Altars:

Shops:
D:4 ?


Innate Abilities, Weirdness & Mutations

You are resistant to torment.
You are immune to poison.
Your stone body is very resilient (AC +4).
You resist negative energy.
You are resistant to electric shocks.
You can survive without breathing.
You are immune to petrification.
You are immune to rotting.


Message History

Items here: )) [ † a flail; a leather armour; a flail; an orc corpse You are too injured to fight recklessly!
Unknown command.
You are too injured to fight recklessly!
You are too injured to fight recklessly!
You are too injured to fight recklessly!
Something hits you but does no damage. x3
You closely miss something. Something hits you but does no damage.
Something hits you but does no damage. You block its attack.
Your shield and scale mail prevent you from hitting something.
Something hits you.
* * * LOW HITPOINT WARNING * * *
The orc wizard gestures wildly while chanting.
The orc wizard blinks!
Something hits you but does no damage.
The orc wizard points at you and mumbles some strange words.
The magic dart hits something.
You hear some strange, mumbled words.
The magic dart hits you!
You die...

. #..# ..# ##.. #..#
#..# # ##...###..# .# .
#.........#### .# ..#
#.............####.#....
...##...##.....#§......
#..†######.#)........
#...# #.@)...%# #..##
#.∩{#....... #####..#
#.........$ .#.....##
#.#...o.... >....)<##
#...#.....# .#####..##
..#.##...# ##..# #.##.#
.#. ##.## .# #.# . ##.#
#..


You could see an orc wizard.

Vanquished Creatures
  An ogre (D:4)
  2 orc wizards (D:4)
  2 gnolls
  5 adders
  3 worms (D:2)
  2 oozes (D:2)
  5 orcs
  A ball python (D:1)
  9 bats
  5 goblins
  8 hobgoblins
  4 jackals (D:1)
  4 quokkas
  2 giant cockroaches
  A giant gecko (D:1)
  5 giant newts
  A jackal zombie (D:4)
  9 kobolds
  8 rats
77 creatures vanquished.

Notes
Turn   | Place    | Note
--------------------------------------------------------------
     0 | D:1      | sugabear, the Gargoyle Fighter, began the quest for the Orb.
     0 | D:1      | Reached XP level 1. HP: 14/14 MP: 1/1
   116 | D:1      | Reached XP level 2. HP: 19/19 MP: 2/2
   417 | D:2      | Reached XP level 3. HP: 23/23 MP: 3/3
   822 | D:2      | Reached XP level 4. HP: 29/29 MP: 4/4
   980 | D:2      | Reached skill level 4 in Armour
  1614 | D:2      | Reached XP level 5. HP: 33/33 MP: 5/5
  1634 | D:3      | Reached skill level 1 in Dodging
  1922 | D:4      | Noticed an ogre
  1933 | D:4      | Killed an ogre
  1933 | D:4      | Reached XP level 6. HP: 12/38 MP: 6/6
  2066 | D:4      | Found Phue's Magic Scroll Shop.
  2081 | D:4      | Killed from afar by an orc wizard

Action                   |  1- 3 |  4- 6 || total
-------------------------+-------+-------++-------
Melee: War axe           |   108 |   140 ||   248
  Use: Potion            |       |     1 ||     1
  Eat: Chunk             |       |     4 ||     4
